 Dungeon Crawl Stone Soup version 0.30.1-11-g7821555f0a (webtiles) character file.

Game seed: 11254381333742128510

417 LSt the Cleaver (level 6, -1/52 HPs)
             Began as a Minotaur Fighter on Dec 17, 2023.
             Was an Initiate of Okawaru.
             Slain by a gnoll
             ... wielding a +0 halberd
             ... led by a gnoll bouda
              (8 damage)
             ... on level 5 of the Dungeon.
             The game lasted 00:08:51 (3406 turns).

LSt the Cleaver (Minotaur Fighter)                  Turns: 3406, Time: 00:08:52

Health: -1/52      AC: 11    Str: 22    XL:     6   Next: 61%
Magic:  5/5        EV:  9    Int:  5    God:    Okawaru [......]
Gold:   128        SH:  4    Dex: 10    Spells: 5/5 levels left

rFire   + . .        w - +2 hand axe (heavy)
rCold   . . .        c - +0 buckler
rNeg    . . .        b - +0 scale mail
rPois   .            (helmet restricted)
rElec   .            (no cloak)
rCorr   .            u - +1 pair of gloves
SInv    .            g - +1 pair of boots
Will    .....        (no amulet) Stlth
                     D - ring of protection from fire
HPRegen 0.28/turn    (no ring)
MPRegen 0.09/turn

%: no passive effects
@: no status effects
A: horns 2, retaliatory headbutt
a: Renounce Religion


You were on level 5 of the Dungeon.
You worshipped Okawaru.
Okawaru was noncommittal.
You visited 2 branches of the dungeon, and saw 6 of its levels.

You collected 283 gold pieces.
You spent 155 gold pieces at shops.

Inventory:

Hand Weapons
 a - a +0 war axe of chaos
 w - a +2 heavy hand axe (weapon)
Missiles
 j - 41 stones (quivered)
 y - 6 boomerangs
 z - 4 javelins
Armour
 b - a +0 scale mail (worn)
 c - a +0 buckler (worn)
 g - a +1 pair of boots (worn)
 u - a +1 pair of gloves (worn)
Jewellery
 D - a ring of protection from fire (left hand)
Wands
 E - a wand of flame (3)
Scrolls
 e - a scroll of fog
 h - 3 scrolls of enchant armour
 i - a scroll of enchant weapon {unknown}
 k - a scroll of immolation {unknown}
 l - a scroll of noise {unknown}
 q - a scroll of teleportation
 r - a scroll of butterflies {unknown}
 A - a scroll of brand weapon
 C - a scroll of blinking {unknown}
Potions
 d - a potion of might
 f - a potion of berserk rage
 m - a potion of lignification
 n - 2 potions of mutation
 o - a potion of invisibility
 p - 2 potions of curing
 s - a potion of heal wounds {unknown}
 t - 2 potions of flight {unknown}
 v - 2 potions of cancellation {unknown}
 x - a potion of brilliance {unknown}
 B - a potion of ambrosia {unknown}


   Skills:
 + Level 4.2 Fighting
 + Level 8.2 Axes
 - Level 3.6 Armour
 - Level 1.0 Dodging
 - Level 3.6 Shields


You had 5 spell levels left.
You didn't know any spells.
Your spell library contained the following spells:

 Spells                   Type           Power      Damage    Failure   Level
 Slow                     Hex            0%         N/A       86%         1
 Sting                    Tmut/Pois      0%         1d3       86%         1
 Poisonous Vapours        Pois/Air       0%         N/A       95%         2
 Scorch                   Fire           0%         2d5       95%         2
 Confusing Touch          Hex            0%         N/A       99%         3
 Vampiric Draining        Necr           0%         2d6       99%         3
 Flame Wave               Conj/Fire      0%         2d4       100%        4
 Olgreb's Toxic Radiance  Pois           0%         N/A       100%        4
 Summon Cactus Giant      Summ           Unusable   N/A       N/A         6

Dungeon Overview and Level Annotations

Branches:
Dungeon (5/15)             Temple (1/1) D:4

Altars:
Ashenzari
Dithmenos
Elyvilon
Fedhas
Gozag
Hepliaklqana
Kikubaaqudgha
Makhleb
Nemelex Xobeh
Okawaru
Qazlal
Sif Muna
Trog
Uskayaw
Vehumet
Wu Jian
Xom
Yredelemnul
Zin
The Shining One

Shops:
D:3 [:(   D:4 *


Innate Abilities, Weirdness & Mutations

You have a pair of horns on your head.
You reflexively headbutt those who attack you in melee.


Message History

You slash the gnoll!
You kill the gnoll!
Okawaru accepts your kill.
You hit the gnoll. The gnoll barely misses you.
The gnoll hits you with a +0 spear.
The gnoll bouda hits you with a +0 whip.
The gnoll hits you but does no damage.
You closely miss the gnoll bouda. Your headbutt misses the gnoll bouda.
The gnoll bouda is heavily wounded.
You hit the gnoll. You block the gnoll's attack.
The gnoll bouda hits you with a +0 whip.
The gnoll barely misses you. The gnoll hits you with a +0 spear.
You hit the gnoll bouda. Your headbutt misses the gnoll bouda.
The gnoll bouda is severely wounded.
You slash the gnoll!
You kill the gnoll!
Okawaru accepts your kill.
Your attacks no longer feel as feeble.
The gnoll bouda hits you but does no damage.
You block the gnoll's attack.
The gnoll bouda hits you but does no damage.
The gnoll barely misses you.
Okay, then.
You barely miss the gnoll bouda.
The gnoll bouda is severely wounded.
The gnoll bouda hits you with a +0 whip.
* * * LOW HITPOINT WARNING * * *
The gnoll hits you from afar with a +0 halberd!
* * * LOW HITPOINT WARNING * * *
You slash the gnoll bouda!
You kill the gnoll bouda!
Okawaru accepts your kill. You block the gnoll's attack.
You block the gnoll's attack.
Things that are here:
a +0 whip; a +0 robe; a gnoll corpse The gnoll hits you from afar with a +0 halberd.
* * * LOW HITPOINT WARNING * * *
The gnoll hits you from afar with a +0 halberd!
You die...

..## #........
...#####........
#.....+........ ###
#....#........
....##.)..#........
##!.......#.#####
.......g)#......#
##....##.#..###.#
#...
#@#......#######
#..
#.#.###......... #.
#.#.###...########
#
#.#...............
#.#########.######
#.# #+# ..# ###


You could see a gnoll (swift).

Vanquished Creatures
  A scorpion (D:4)
  2 jellies
  An orc priest (D:4)
  A gnoll bouda (D:5)
  2 sleepcaps
  An iguana (D:4)
  2 gnolls (D:5)
  7 adders
  A shadow imp (D:4)
  3 worms
  2 dart slugs
  8 orcs
  2 bats
  6 endoplasms
  A giant cockroach (D:4)
  5 goblins
  4 hobgoblins
  4 quokkas
  3 ball pythons
  2 frilled lizards
  7 kobolds
  4 rats (D:2)
69 creatures vanquished.

Notes
Turn   | Place    | Note
-------+----------+-------------------------------------------
     0 | D:1      | LSt the Minotaur Fighter began the quest for the Orb.
     0 | D:1      | Reached XP level 1. HP: 19/19 MP: 0/0
   171 | D:1      | Reached skill level 3 in Axes
   220 | D:1      | Reached XP level 2. HP: 26/26 MP: 1/1
   489 | D:2      | Found a shimmering altar of Xom.
   525 | D:2      | Reached skill level 4 in Axes
   525 | D:2      | Reached XP level 3. HP: 22/31 MP: 2/2
   757 | D:2      | Found a faded altar of an unknown god.
   761 | D:2      | Reached skill level 5 in Axes
   781 | D:2      | Reached XP level 4. HP: 39/39 MP: 3/3
  1620 | D:3      | Reached skill level 6 in Axes
  1642 | D:3      | Found Cepreu's Book Boutique.
  1672 | D:3      | Found Siggai's Antique Armour Emporium.
  1680 | D:3      | Bought a pair of runed gloves for 135 gold pieces
  1790 | D:3      | Found Moaluc's Weapon Shoppe.
  1989 | D:4      | Reached XP level 5. HP: 46/46 MP: 4/4
  2170 | D:4      | Reached skill level 7 in Axes
  2288 | D:4      | Found Jasuxuh's Assorted Antiques.
  2291 | D:4      | Bought a fizzy orange potion for 20 gold pieces
  2308 | D:4      | Found a staircase to the Ecumenical Temple.
  2319 | Temple   | Entered the Ecumenical Temple
  2753 | Temple   | Became a worshipper of Warmaster Okawaru
  2873 | D:4      | Reached skill level 1 in Dodging
  2873 | D:4      | Reached XP level 6. HP: 38/52 MP: 5/5
  3168 | D:5      | Entered Level 5 of the Dungeon
  3339 | D:5      | Reached skill level 8 in Axes
  3406 | D:5      | Slain by a gnoll

Illustrated notes

Levels and vault maps discovered:
D:1:      saegor_arrival_under_anarchy, layout_rooms
D:2:      layout_loops_ring, hellmonk_ecumenical_altar_arch_garden, basic_altar
D:3:      layout_rooms, serial_shops, shop, shop, nicolae_shop_back_alley_shop
D:4:      layout_basic, minmay_temple_entry_statues_fountains, serial_shops,
          nicolae_shop_real_fake_doors
D:5:      layout_basic, kennysheep_potato
Temple:   mainiacjoe_temple_big_plus

Skill      XL: |  1  2  3  4  5  6 |
---------------+-------------------+-----
Axes           | 3 4 5 6 7 8 |  8.2
Fighting       | 4 |  4.2
Dodging        | 1 |  1.0
Armour         | |  3.6
Shields        | |  3.6

Action                     |  1- 3 |  4- 6 || total
---------------------------+-------+-------++-------
  Melee: War axe           |    39 |    96 ||   135
         Headbutt          |     5 |    19 ||    24
         Hand axe          |       |    17 ||    17
    Use: Scroll            |       |    10 ||    10
 Armour: Scale mail        |    16 |    48 ||    64
  Dodge: Dodged            |    12 |    28 ||    40
  Block: Buckler           |     6 |    20 ||    26
